 Dungeon Crawl Stone Soup version 0.29-a0-418-gc0181ea820 (webtiles) character file.

Game seed: 4760376020657008594

289 HendSelp the Poker (level 6, -8/48 HPs)
             Began as a Human Fighter on May 18, 2022.
             Mangled by an ogre
             ... wielding a +0 giant club
              (26 damage)
             ... on level 4 of the Dungeon.
             The game lasted 00:03:40 (3976 turns).

HendSelp the Poker (Human Fighter)                  Turns: 3976, Time: 00:03:41

Health: -8/48      AC: 10    Str: 18    XL:     6   Next: 57%
Magic:  6/6        EV:  6    Int:  9    God:
Gold:   341        SH: 12    Dex: 12    Spells: 5/5 levels left

rFire   . . .      SeeInvis .   a - +0 trident
rCold   . . .      Faith    .   g - +0 tower shield
rNeg    . . .      Spirit   .   b - +0 scale mail
rPois   .          Reflect  .   h - +1 helmet
rElec   .          Harm     .   f - +0 cloak
rCorr   .          Rampage  .   (no gloves)
Will    .....                   (no boots)
Stlth   ..........              (no amulet)
HPRegen 0.16/turn               (no ring)
MPRegen 0.10/turn               (no ring)

@: no status effects
A: no striking features
a: no special abilities


You were on level 4 of the Dungeon.
You visited 1 branch of the dungeon, and saw 4 of its levels.

You collected 341 gold pieces.

Inventory:

Hand Weapons
 a - a +0 trident (weapon)
Armour
 b - a +0 scale mail (worn)
 f - a +0 cloak (worn)
 g - a +0 tower shield (worn)
 h - a +1 helmet (worn)
Wands
 j - a wand of iceblast (12)
Scrolls
 l - a scroll of teleportation {unknown}
Potions
 c - 3 potions of brilliance
 d - 2 potions of might
 e - a potion of attraction
 i - a potion of ambrosia
 k - 2 potions of degeneration {unknown}


   Skills:
 * Level 3.9 Fighting
 * Level 4.6 Polearms
 * Level 4.1 Armour
 * Level 1.6 Dodging
 - Level 3.0 Shields


You had 5 spell levels left.
You didn't know any spells.
Your spell library contained the following spells:

 Spells                   Type           Power      Damage    Failure   Level
 Magic Dart               Conj           0%         1d3       100%        1
 Call Imp                 Summ           0%         N/A       100%        2
 Corpse Rot               Necr/Air       0%         N/A       100%        2
 Poisonous Vapours        Pois/Air       0%         N/A       100%        2
 Mephitic Cloud           Conj/Pois/Air  0%         N/A       100%        3


Dungeon Overview and Level Annotations

Branches:
Dungeon (4/15)
 Temple: D:4-7

Altars:


Message History

A hobgoblin is nearby!
Unknown command.
A hobgoblin is nearby!
You reach to attack!
You puncture the hobgoblin!
You kill the hobgoblin!
A quokka comes into view.
A quokka is nearby!
A quokka is nearby!
Found 7 gold pieces.
A quokka is nearby!
You reach to attack!
You puncture the quokka!
You kill the quokka!
You now have 341 gold pieces (gained 7).
An ogre comes into view. It is wielding a +0 giant club.
You reach to attack!
You hit the ogre.
The ogre is lightly wounded.
An ogre is nearby!
You puncture the ogre!
The ogre is moderately wounded.
The ogre hits you but does no damage.
An ogre is nearby!
You puncture the ogre!
The ogre is severely wounded.
The ogre hits you with a +0 giant club!
You hit the ogre.
The ogre is almost dead.
The ogre hits you with a +0 giant club!
An ogre is nearby!
An ogre is nearby!
You are too injured to fight recklessly!
An ogre is nearby!
You are too injured to fight recklessly!
You are too injured to fight recklessly!
Unknown command.
You are too injured to fight recklessly!
You barely miss the ogre.
The ogre is almost dead.
The ogre hits you with a +0 giant club!!
Ouch! That really hurt!
You die...

#.#.......##.......
#.##..#.####...#####
#.##....# ##.##
#.......# ..
####.#### #.# #.#
#.# #@# #...O....#
########.# #


You could see an ogre.

Vanquished Creatures
  Crazy Yiuf (D:2)
  A hound (D:4)
  An iguana (D:4)
  An orc wizard (D:4)
  4 gnolls (D:3)
  2 adders (D:2)
  An ufetubus (D:3)
  4 worms
  2 dart slugs
  3 orcs (D:4)
  7 ball pythons
  10 endoplasms
  8 giant cockroaches
  6 goblins
  8 hobgoblins
  9 jackals
  5 quokkas
  4 bats
  3 frilled lizards (D:3)
  11 kobolds
  6 rats
  A toadstool (D:2)
98 creatures vanquished.

Vanquished Creatures (others)
  4 fungi (D:2)
  A plant (D:4)
  3 toadstools (D:2)
8 creatures vanquished.

Grand Total: 106 creatures vanquished

Notes
Turn   | Place    | Note
-------+----------+-------------------------------------------
     0 | D:1      | HendSelp the Human Fighter began the quest for the Orb.
     0 | D:1      | Reached XP level 1. HP: 18/18 MP: 1/1
   280 | D:1      | Reached XP level 2. HP: 20/24 MP: 2/2
   582 | D:1      | Reached XP level 3. HP: 21/29 MP: 3/3
  1501 | D:2      | Reached skill level 1 in Dodging
  1501 | D:2      | Reached XP level 4. HP: 26/35 MP: 4/4
  1778 | D:2      | Found a faded altar of an unknown god.
  2431 | D:2      | Found a runed translucent door.
  2432 | D:2      | Noticed Crazy Yiuf
  2481 | D:2      | Reached XP level 5. HP: 42/42 MP: 5/5
  2526 | D:2      | Killed Crazy Yiuf
  3144 | D:3      | Reached XP level 6. HP: 48/48 MP: 6/6
  3971 | D:4      | Noticed an ogre
  3976 | D:4      | Mangled by an ogre

Illustrated notes

Levels and vault maps discovered:
D:1:      dpeg_arrival_leaves_temple_mockup, layout_basic
D:2:      layout_loops_ring, shapermc_ecumenical_altar_starsandcircs,
          hangedman_abyss_or_decor_stabs, minmay_misc_feat_encased,
          minmay_gold_behind_fungi, uniq_crazy_yiuf_cottage
D:3:      layout_loops_ring, kennysheep_generic_room_14
D:4:      layout_loops_cross, serial_bayou_ford_a, kennysheep_pointless_box

Skill      XL: |  1  2  3  4  5  6 |
---------------+-------------------+-----
Dodging        | 1 |  1.6
Polearms       | 3 4 |  4.6
Armour         | 4 |  4.1
Fighting       | |  3.9
Shields        | |  3.0

Action                   |  1- 3 |  4- 6 || total
-------------------------+-------+-------++-------
Melee: Trident           |   113 |   203 ||   316
  Use: Scroll            |     2 |     7 ||     9
       Potion            |       |     2 ||     2
Armor: Scale mail        |    57 |    71 ||   128
Dodge: Dodged            |    40 |    34 ||    74
Block: Tower shield      |    44 |    95 ||   139

Table legend: (Time is in decaauts)
 A = Elapsed time spent in this place.
 B = Non-inter-level travel time spent in this place.
 C = Inter-level travel time spent in this place.
 D = Time resting spent in this place.
 E = Time spent auto-exploring this place.
 F = Levels seen in this place.
 G = Mean time per level.
                   A        B        C        D        E       F      G
               +--------+--------+--------+--------+--------+-----+--------+
         Total |   4133 |   4034 |     99 |    191 |   3054 |   4 | 1033.2 |
       Dungeon |   4133 |   4034 |     99 |    191 |   3054 |   4 | 1033.2 |
               +--------+--------+--------+--------+--------+-----+--------+

Top non-repeatable levels by time:
     D:1: 1419 daAuts
     D:2: 1283 daAuts
     D:3: 973 daAuts
     D:4: 457 daAuts
